BSA
PHILADELPHIA ATHLETICS @ CHICAGO MACHINE
07/06/2029
 
TOP OF THE 1ST
Philadelphia Athletics batting - Pitching for Chicago Machine : RHP Rod Day
Pitching: RHP Rod Day
Batting: RHB César García 0-0: Called Strike
0-1: Foul Ball, location: 2F
0-2: Ground out 3-1 (Groundball, 34)
Batting: LHB Robinson Fernández 0-0: Called Strike
0-1: Called Strike
0-2: Foul Ball, location: 2F
0-2: Foul Ball, location: 2F
0-2: Foul Ball, location: 2F
0-2: Ball
1-2: Ground out 5-3 (Groundball, 56)
Batting: RHB Tomás Estrada 0-0: Called Strike
0-1: Ball
1-1: Called Strike
1-2: Ground out 6-3 (Groundball, 6)
Top of the 1st over - 0 runs, 0 hits, 0 errors, 0 left on base; Philadelphia 0 - Chicago 0
BOTTOM OF THE 1ST
Chicago Machine batting - Pitching for Philadelphia Athletics : RHP Ramón Estrada
Pitching: RHP Ramón Estrada
Batting: RHB Nick Harris 0-0: Foul Ball, location: 2F
0-1: DOUBLE (Line Drive, 9LM)
Batting: RHB Doug Stephens 0-0: Ball
Nick Harris steals 3rd base
1-0: Swinging Strike
1-1: Fly out, F9 (Flyball, 9)
Runner from 3rd tags up, OUT at HOME
Batting: LHB Bernardo Montés 0-0: Ball
1-0: Ground out 4-3 (Groundball, 4)
Bottom of the 1st over - 0 runs, 1 hit, 0 errors, 0 left on base; Philadelphia 0 - Chicago 0
TOP OF THE 2ND
Philadelphia Athletics batting - Pitching for Chicago Machine : RHP Rod Day
Batting: RHB Valentín Borges 0-0: Ball
1-0: Fly out, F8 (Flyball, 8LM)
Batting: LHB Arturo Molina 0-0: Ball
1-0: Fly out, F8 (Flyball, 8RM)
Batting: RHB Anastasio Villa 0-0: Ball
1-0: Fly out, F7 (Flyball, 7S)
Top of the 2nd over - 0 runs, 0 hits, 0 errors, 0 left on base; Philadelphia 0 - Chicago 0
BOTTOM OF THE 2ND
Chicago Machine batting - Pitching for Philadelphia Athletics : RHP Ramón Estrada
Batting: SHB José Alomar 0-0: SINGLE (Line Drive, 7LS)
Batting: RHB Will Lott 0-0: Called Strike
0-1: Foul Ball, location: 2F
0-2: Ground out 5-3 (Groundball, 56S)
José Alomar to second
Batting: RHB Pablo Sandoval 0-0: Foul Ball, location: 2F
0-1: Foul Ball, location: 2F
0-2: Ball
1-2: Ball
2-2: Foul Ball, location: 2F
2-2: Strikes out swinging
Batting: SHB Edward Bartlett 0-0: Ground out 6-3 (Groundball, 6S)
Bottom of the 2nd over - 0 runs, 1 hit, 0 errors, 1 left on base; Philadelphia 0 - Chicago 0
TOP OF THE 3RD
Philadelphia Athletics batting - Pitching for Chicago Machine : RHP Rod Day
Batting: LHB Brian Boone 0-0: Ball
1-0: Ball
2-0: Ball
3-0: Base on Balls
Batting: RHB Eric Neal 0-0: Called Strike
Brian Boone steals 2nd base
0-1: Ball
1-1: Called Strike
1-2: Ball
2-2: Ball
3-2: Ground out 4-3 (Groundball, 4)
Brian Boone to third
Batting: SHB Héctor Padilla 0-0: Ball
1-0: Called Strike
1-1: SINGLE (Groundball, 4MD)
Brian Boone scores
Batting: RHB César García 0-0: Ball
1-0: Foul Ball, location: 2F
1-1: Foul Ball, location: 2F
1-2: Strikes out swinging
Batting: LHB Robinson Fernández 0-0: Ball
1-0: Ball
Héctor Padilla is caught stealing 2nd base
Top of the 3rd over - 1 run, 1 hit, 0 errors, 0 left on base; Philadelphia 1 - Chicago 0
BOTTOM OF THE 3RD
Chicago Machine batting - Pitching for Philadelphia Athletics : RHP Ramón Estrada
Batting: RHB Gonzalo Gil 0-0: Foul Ball, location: 2F
0-1: Ball
1-1: Ball
2-1: Called Strike
2-2: Strikes out looking
Batting: LHB Denny Poole 0-0: Fly out, F3 (Popup, 3F)
Batting: RHB Nick Harris 0-0: Ball
1-0: Swinging Strike
1-1: Ball
2-1: Foul Ball, location: 2F
2-2: Foul Ball, location: 2F
2-2: Ball
3-2: Foul Ball, location: 2F
3-2: Strikes out looking
Bottom of the 3rd over - 0 runs, 0 hits, 0 errors, 0 left on base; Philadelphia 1 - Chicago 0
TOP OF THE 4TH
Philadelphia Athletics batting - Pitching for Chicago Machine : RHP Rod Day
Batting: LHB Robinson Fernández 0-0: Fly out, F6 (Line Drive, 6)
Batting: RHB Tomás Estrada 0-0: Ball
1-0: Called Strike
1-1: Called Strike
1-2: Ball
2-2: Strikes out looking
Batting: RHB Valentín Borges 0-0: Ball
1-0: Foul Ball, location: 2F
1-1: Swinging Strike
1-2: Foul Ball, location: 2F
1-2: Foul Ball, location: 2F
1-2: Fly out, F8 (Line Drive, 8RXD)
Top of the 4th over - 0 runs, 0 hits, 0 errors, 0 left on base; Philadelphia 1 - Chicago 0
BOTTOM OF THE 4TH
Chicago Machine batting - Pitching for Philadelphia Athletics : RHP Ramón Estrada
Batting: RHB Doug Stephens 0-0: Called Strike
0-1: Foul Ball, location: 2F
0-2: Ball
1-2: Fly out, F7 (Flyball, 7S)
Batting: LHB Bernardo Montés 0-0: Fly out, F9 (Flyball, 89S)
Batting: SHB José Alomar 0-0: Called Strike
0-1: Ball
1-1: Foul Ball, location: 2F
1-2: Ball
2-2: Ground out U3 (Groundball, 34)
Bottom of the 4th over - 0 runs, 0 hits, 0 errors, 0 left on base; Philadelphia 1 - Chicago 0
TOP OF THE 5TH
Philadelphia Athletics batting - Pitching for Chicago Machine : RHP Rod Day
Batting: LHB Arturo Molina 0-0: Ground out 6-3 (Groundball, 6)
Batting: RHB Anastasio Villa 0-0: Swinging Strike
0-1: Ball
1-1: Foul Ball, location: 2F
1-2: Ball
2-2: Strikes out looking
Batting: LHB Brian Boone 0-0: Ball
1-0: Swinging Strike
1-1: Ball
2-1: Ball
3-1: Swinging Strike
3-2: Fly out, F7 (Flyball, 7)
Top of the 5th over - 0 runs, 0 hits, 0 errors, 0 left on base; Philadelphia 1 - Chicago 0
BOTTOM OF THE 5TH
Chicago Machine batting - Pitching for Philadelphia Athletics : RHP Ramón Estrada
Batting: RHB Will Lott 0-0: Ball
1-0: Foul Ball, location: 2F
1-1: Foul Ball, location: 2F
1-2: Ball
2-2: Strikes out looking
Batting: RHB Pablo Sandoval 0-0: Called Strike
0-1: Ground out 6-3 (Groundball, 6D)
Batting: SHB Edward Bartlett 0-0: Ground out 6-3 (Groundball, 56)
Bottom of the 5th over - 0 runs, 0 hits, 0 errors, 0 left on base; Philadelphia 1 - Chicago 0
TOP OF THE 6TH
Philadelphia Athletics batting - Pitching for Chicago Machine : RHP Rod Day
Batting: RHB Eric Neal 0-0: Ball
1-0: Ball
2-0: Called Strike
2-1: Foul Ball, location: 2F
2-2: Ground out 1-3 (Groundball, 15S)
Batting: SHB Héctor Padilla 0-0: Called Strike
0-1: Ball
1-1: Called Strike
1-2: Fly out, F7 (Flyball, 7)
Batting: RHB César García 0-0: Called Strike
0-1: SOLO HOME RUN (Flyball, 7LD), Distance : 369 ft
Batting: LHB Robinson Fernández 0-0: Called Strike
0-1: Swinging Strike
0-2: Strikes out swinging
Top of the 6th over - 1 run, 1 hit, 0 errors, 0 left on base; Philadelphia 2 - Chicago 0
BOTTOM OF THE 6TH
Chicago Machine batting - Pitching for Philadelphia Athletics : RHP Ramón Estrada
Batting: RHB Gonzalo Gil 0-0: Foul Ball, location: 2F
0-1: Ground out 5-3 (Groundball, 56)
Batting: LHB Denny Poole 0-0: Fly out, F6 (Line Drive, 6)
Batting: RHB Nick Harris 0-0: SINGLE (Line Drive, 4D)
Batting: RHB Doug Stephens 0-0: Called Strike
Nick Harris steals 2nd base
0-1: Ball
1-1: Ball
2-1: Ball
3-1: SINGLE (Groundball, 6MD)
Nick Harris to third
Runner from 3rd tries for Home, SAFE, no throw
Batting: LHB Bernardo Montés 0-0: Swinging Strike
0-1: Ground out 6-3 (Groundball, 6)
Bottom of the 6th over - 1 run, 2 hits, 0 errors, 1 left on base; Philadelphia 2 - Chicago 1
TOP OF THE 7TH
Philadelphia Athletics batting - Pitching for Chicago Machine : RHP Rod Day
Batting: RHB Tomás Estrada 0-0: Ball
1-0: Ball
2-0: Ground out 3-1 (Groundball, 34)
Batting: RHB Valentín Borges 0-0: Ball
1-0: Called Strike
1-1: Called Strike
1-2: Ball
2-2: Ground out 6-3 (Groundball, 6)
Batting: LHB Arturo Molina 0-0: Swinging Strike
0-1: Ball
1-1: DOUBLE (Line Drive, 5D)
Batting: RHB Anastasio Villa 0-0: Foul Ball, location: 2F
0-1: Ball
1-1: Swinging Strike
1-2: Strikes out swinging
Top of the 7th over - 0 runs, 1 hit, 0 errors, 1 left on base; Philadelphia 2 - Chicago 1
BOTTOM OF THE 7TH
Chicago Machine batting - Pitching for Philadelphia Athletics : RHP Ramón Estrada
Batting: SHB José Alomar 0-0: Ball
1-0: Ball
2-0: Swinging Strike
2-1: Swinging Strike
2-2: SINGLE (Flyball, 9LM)
Batting: RHB Will Lott 0-0: Called Strike
0-1: Foul Ball, location: 2F
0-2: Ball
1-2: Ball
2-2: Foul Ball, location: 2F
2-2: Ball
3-2: Ground out 6-3 (Groundball, 6)
José Alomar to second
Pinch Hitting: SHB Clint Woods 0-0: DOUBLE (Groundball, 5L)
José Alomar scores
Batting: SHB Edward Bartlett 0-0: Fly out, F8 (Flyball, 8LM)
Batting: RHB Gonzalo Gil 0-0: Ground out 1-3 (Groundball, 13S)
Bottom of the 7th over - 1 run, 2 hits, 0 errors, 1 left on base; Philadelphia 2 - Chicago 2
TOP OF THE 8TH
Philadelphia Athletics batting - Pitching for Chicago Machine : RHP Rod Day
Pitching: RHP Juan Rodríguez
Now at 2B: Jesús Ramírez
Batting: LHB Brian Boone 0-0: Ball
1-0: Called Strike
1-1: Ball
2-1: Ball
3-1: Base on Balls
Batting: RHB Eric Neal 0-0: Called Strike
0-1: Ball
Brian Boone is caught stealing 2nd base
1-1: Ball
2-1: Ground out 3-1 (Groundball, 23)
Batting: SHB Héctor Padilla 0-0: Foul Ball, location: 2F
0-1: Foul Ball, location: 2F
0-2: Ball
1-2: SINGLE (Groundball, 13S) (infield hit)
Batting: RHB César García 0-0: Ball
Héctor Padilla steals 2nd base
1-0: Ball
2-0: Foul Ball, location: 2F
2-1: Foul Ball, location: 2F
2-2: Ball
3-2: Foul Ball, location: 2F
3-2: Strikes out swinging
Top of the 8th over - 0 runs, 1 hit, 0 errors, 1 left on base; Philadelphia 2 - Chicago 2
BOTTOM OF THE 8TH
Chicago Machine batting - Pitching for Philadelphia Athletics : RHP Ramón Estrada
Batting: LHB Denny Poole 0-0: Called Strike
0-1: SINGLE (Groundball, 6MD)
Batting: RHB Nick Harris 0-0: Grounds into double play, 6-4-3 (Groundball, 6)
Batting: RHB Doug Stephens 0-0: Ball
1-0: Foul Ball, location: 2F
1-1: Ball
2-1: Ball
3-1: Called Strike
3-2: Foul Ball, location: 2F
3-2: Fly out, F7 (Flyball, 7)
Bottom of the 8th over - 0 runs, 1 hit, 0 errors, 0 left on base; Philadelphia 2 - Chicago 2
TOP OF THE 9TH
Philadelphia Athletics batting - Pitching for Chicago Machine : RHP Juan Rodríguez
Pitching: RHP Víctor Reyes
Batting: LHB Robinson Fernández 0-0: Ground out U3 (Groundball, 3L)
Pinch Hitting: LHB Yasuhiko Onodera 0-0: Swinging Strike
0-1: SINGLE (Line Drive, 78S)
Batting: RHB Valentín Borges 0-0: Swinging Strike
0-1: Ball
1-1: Foul Ball, location: 2F
1-2: Strikes out swinging
Batting: LHB Arturo Molina 0-0: Called Strike
0-1: Ball
1-1: Ball
2-1: Swinging Strike
2-2: Strikes out swinging
Top of the 9th over - 0 runs, 1 hit, 0 errors, 1 left on base; Philadelphia 2 - Chicago 2
BOTTOM OF THE 9TH
Chicago Machine batting - Pitching for Philadelphia Athletics : RHP Ramón Estrada
Pitching: RHP Esteban Juárez
Now in CF: Edward Holloway
Batting: LHB Bernardo Montés 0-0: Ball
1-0: Called Strike
1-1: Ground out 1-3 (Groundball, P)
Batting: SHB José Alomar 0-0: Foul Ball, location: 2F
0-1: Ball
1-1: Foul Ball, location: 2F
1-2: Ball
2-2: SINGLE (Groundball, 6D)
Batting: RHB Will Lott 0-0: Grounds into double play, 5-4-3 (Groundball, 56)
Bottom of the 9th over - 0 runs, 1 hit, 0 errors, 0 left on base; Philadelphia 2 - Chicago 2
TOP OF THE 10TH
Philadelphia Athletics batting - Pitching for Chicago Machine : RHP Víctor Reyes
Batting: RHB Anastasio Villa 0-0: Called Strike
0-1: Fly out, F4 (Popup, 4M)
Batting: LHB Brian Boone 0-0: Called Strike
0-1: Swinging Strike
0-2: Strikes out looking
Batting: RHB Eric Neal 0-0: Called Strike
0-1: DOUBLE (Line Drive, 78D)
Batting: SHB Héctor Padilla 0-0: Ball
1-0: Called Strike
1-1: Called Strike
1-2: Fly out, F8 (Flyball, 8LM)
Top of the 10th over - 0 runs, 1 hit, 0 errors, 1 left on base; Philadelphia 2 - Chicago 2
BOTTOM OF THE 10TH
Chicago Machine batting - Pitching for Philadelphia Athletics : RHP Esteban Juárez
Pinch Hitting: RHB Lorenzo Guzmán 0-0: SINGLE (Groundball, 4MD)
Batting: SHB Edward Bartlett 0-0: Ball
1-0: Sac Bunt - play at first, batter OUT! 2-4
Lorenzo Guzmán to second
Batting: RHB Gonzalo Gil 0-0: Swinging Strike
0-1: SINGLE (Groundball, 6D)
Lorenzo Guzmán to third
Runner from 3rd tries for Home, throw and OUT!
Batting: LHB Denny Poole 0-0: Ball
Gonzalo Gil steals 2nd base
1-0: Foul Ball, location: 2F
1-1: Ground out 4-3 (Groundball, 34)
Bottom of the 10th over - 0 runs, 2 hits, 0 errors, 1 left on base; Philadelphia 2 - Chicago 2
TOP OF THE 11TH
Philadelphia Athletics batting - Pitching for Chicago Machine : RHP Víctor Reyes
Pitching: RHP Manuel Montoya
Now at 2B: Raúl Bauza
Batting: RHB César García 0-0: Ball
1-0: Called Strike
1-1: Ball
2-1: Swinging Strike
2-2: Ball
3-2: Foul Ball, location: 2F
3-2: Base on Balls
Batting: LHB Robinson Fernández 0-0: Called Strike
0-1: Called Strike
0-2: Ball
1-2: Foul Ball, location: 2F
1-2: Foul Ball, location: 2F
1-2: Ball
César García is caught stealing 2nd base
2-2: Ball
3-2: Base on Balls
Batting: RHB Edward Holloway 0-0: Called Strike
0-1: Fly out, F7 (Flyball, 7LM)
Batting: RHB Valentín Borges 0-0: Called Strike
0-1: Ball
1-1: Fly out, F9 (Flyball, 9S)
Top of the 11th over - 0 runs, 0 hits, 0 errors, 1 left on base; Philadelphia 2 - Chicago 2
BOTTOM OF THE 11TH
Chicago Machine batting - Pitching for Philadelphia Athletics : RHP Esteban Juárez
Pitching: RHP Kijuro Shini
Batting: RHB Nick Harris 0-0: Called Strike
0-1: SINGLE (Line Drive, 4D)
Batting: RHB Doug Stephens 0-0: Fly out, F6 (Popup, 56)
Pitching: LHP Mario Tobías
Batting: LHB Bernardo Montés 0-0: Ball
1-0: Called Strike
1-1: Ball
2-1: Swinging Strike
2-2: Fly out, F8 (Flyball, 8LXD)
Runner from 1st tags up, SAFE at 2nd
Pitching: RHP Ricardo Pérez
Batting: SHB José Alomar 0-0: Called Strike
0-1: Foul Ball, location: 2F
0-2: Foul Ball, location: 2F
0-2: Ball
1-2: Ball
2-2: Foul Ball, location: 2F
2-2: Foul Ball, location: 2F
2-2: Foul Ball, location: 2F
2-2: Ball
3-2: Foul Ball, location: 2F
3-2: Fly out, F5 (Line Drive, 5S)
Bottom of the 11th over - 0 runs, 1 hit, 0 errors, 1 left on base; Philadelphia 2 - Chicago 2
TOP OF THE 12TH
Philadelphia Athletics batting - Pitching for Chicago Machine : RHP Manuel Montoya
Batting: LHB Arturo Molina 0-0: Ball
1-0: Ball
2-0: Ball
3-0: Swinging Strike
3-1: Base on Balls
Batting: RHB Anastasio Villa 0-0: Foul Ball, location: 2F
0-1: Ball
1-1: Foul Ball, location: 2F
1-2: Foul Ball, location: 2F
1-2: Ball
2-2: Strikes out swinging
Batting: LHB Brian Boone 0-0: Fly out, F7 (Line Drive, 78M)
Batting: RHB Eric Neal 0-0: Ball
1-0: Called Strike
1-1: Foul Ball, location: 2F
1-2: SINGLE (Groundball, 56D)
Arturo Molina to second
Batting: SHB Héctor Padilla 0-0: Called Strike
0-1: 3-RUN HOME RUN (Flyball, 9LD), Distance : 365 ft
Pitching: RHP Brad Flores
Batting: RHB César García 0-0: Ball
1-0: Fly out, F7 (Flyball, 7S)
Top of the 12th over - 3 runs, 2 hits, 0 errors, 0 left on base; Philadelphia 5 - Chicago 2
BOTTOM OF THE 12TH
Chicago Machine batting - Pitching for Philadelphia Athletics : RHP Ricardo Pérez
Batting: RHB Will Lott 0-0: Called Strike
0-1: Ground out U3 (Groundball, 34)
Batting: RHB Raúl Bauza 0-0: Called Strike
0-1: DOUBLE (Line Drive, 9LM)
Pinch Runner at 2nd Tanyu Imai:
Batting: SHB Edward Bartlett 0-0: Swinging Strike
0-1: SINGLE (Groundball, 4M) (infield hit)
Tanyu Imai to third
Batting: RHB Gonzalo Gil 0-0: Ball
1-0: Fly out, F7 (Flyball, 7)
Runner from 3rd tags up, SCORES, no throw
Batting: LHB Denny Poole 0-0: Ball
1-0: Ball
2-0: Foul Ball, location: 2F
2-1: Foul Ball, location: 2F
2-2: Ball
3-2: Base on Balls
Edward Bartlett to second
Batting: RHB Nick Harris 0-0: SINGLE (Groundball, 6MS) (infield hit)
Edward Bartlett to third
Denny Poole to second
Batting: RHB Doug Stephens 0-0: Ball
1-0: Ball
2-0: Ball
3-0: Base on Balls
Edward Bartlett scores
Denny Poole to third
Nick Harris to second
Batting: LHB Bernardo Montés 0-0: Ball
1-0: Foul Ball, location: 2F
1-1: Foul Ball, location: 2F
1-2: Foul Ball, location: 2F
1-2: Fly out, F9 (Flyball, 89D)
Bottom of the 12th over - 2 runs, 3 hits, 0 errors, 3 left on base; Philadelphia 5 - Chicago 4
Saturday, December 16th, 2017 - OOTP Baseball 18.8 Build 76